 Dungeon Crawl Stone Soup version 0.24.0-123-gd5b16e6ec5 (webtiles) character file.

Game seed: 7622939481683938010, levelgen mode: deterministic

1638 FishyPogo the Thaumaturge (level 8, -2/61 HPs)
             Began as a Gnoll Wanderer on Jan 12, 2020.
             Was a Follower of Okawaru.
             Slain by a wyvern skeleton (9 damage)
             ... on level 7 of the Dungeon.
             The game lasted 00:30:27 (5157 turns).

FishyPogo the Thaumaturge (Gnoll Wanderer)          Turns: 5157, Time: 00:30:27

Health: -2/61      AC:  4    Str: 26    XL:     8   Next: 98%
Magic:  20/20      EV: 14    Int: 16    God:    Okawaru [*.....]
Gold:   227        SH:  0    Dex: 17    Spells: 9/23 levels left

rFire    . . .     SeeInvis .   v - +7 war axe "Egueciaf" {freeze, *Noise rN++ MR+ Str+4}
rCold    . . .     Gourm    .   (no shield)
rNeg     + + .     Faith    .   L - +1 robe "Lamay" {+Inv rElec Str+7}
rPois    .         Spirit   .   (no helmet)
rElec    +         Reflect  .   (no cloak)
rCorr    .         Harm     .   b - +0 pair of gloves
MR       +....                  (no boots)
Stlth    +++.......             (no amulet)
HPRegen  0.20/turn              j - +2 ring of dexterity
MPRegen  0.17/turn              (no ring)

@: no status effects
A: distributed training, fangs 1, blurry vision 1, electricity resistance,
strong nose
a: Heroism, Renounce Religion, Evoke Invisibility


You were on level 7 of the Dungeon.
You worshipped Okawaru.
Okawaru was aware of your devotion.
You were not hungry.

You visited 2 branches of the dungeon, and saw 8 of its levels.
You also visited: Sewer.

You collected 392 gold pieces.
You spent 165 gold pieces at shops.

Inventory:

Hand Weapons
 a - a +0 dagger of draining
 v - the +7 war axe "Egueciaf" (weapon) {freeze, *Noise rN++ MR+ Str+4}
   (You found it on level 4 of the Dungeon)

   It has been specially enchanted to freeze those struck by it, causing extra
   injury to most foes and up to half again as much damage against particularly
   susceptible opponents.
   It can also slow down cold-blooded creatures.
   It affects your strength (+4).
   It greatly protects you from negative energy.
   It affects your resistance to hostile enchantments.
   It may make noises in combat.
 K - a cursed -2 spear
Missiles
 i - 162 stones (quivered)
Armour
 b - a +0 pair of gloves (worn)
 h - a +0 troll leather armour {Purgy}
 L - the +1 robe "Lamay" (worn) {+Inv rElec Str+7}
   (You bought it in a shop on level 6 of the Dungeon)

   It affects your strength (+7).
   It insulates you from electricity.
   It lets you turn invisible.
Jewellery
 j - a +2 ring of dexterity (left hand)
 k - a +6 amulet of reflection
Wands
 r - a wand of digging (5)
 E - a wand of enslavement (7)
 I - a wand of disintegration (6)
 J - a wand of flame (18)
Scrolls
 g - 2 scrolls of immolation
 l - a scroll of identify
 p - 4 scrolls of teleportation
 u - 2 scrolls of remove curse
 y - 2 scrolls of magic mapping {unknown}
 C - a scroll of fog
 D - a scroll of enchant weapon {unknown}
 F - a scroll of random uselessness {unknown}
Potions
 c - a potion of mutation
 e - 2 potions of curing
 n - a potion of might {unknown}
 o - a potion of ambrosia {unknown}
 s - 3 potions of degeneration {unknown}
 w - 2 potions of agility {unknown}
 z - a potion of haste
 A - 2 potions of magic {unknown}
 B - 3 potions of flight {unknown}
Comestibles
 f - 7 rations


   Skills:
 + Level 4.5 Fighting
 + Level 5.9 Short Blades
 + Level 3.6 Long Blades
 + Level 3.6 Axes
 + Level 3.6 Maces & Flails
 + Level 3.6 Polearms
 + Level 3.6 Staves
 + Level 3.6 Slings
 + Level 3.6 Bows
 + Level 3.6 Crossbows
 + Level 3.6 Throwing
 + Level 3.6 Armour
 + Level 3.6 Dodging
 + Level 4.4 Stealth
 + Level 3.6 Shields
 + Level 3.6 Unarmed Combat
 + Level 8.1 Spellcasting
 + Level 3.0 Conjurations
 + Level 3.0 Hexes
 + Level 3.0 Charms
 + Level 4.9 Summonings
 + Level 3.0 Necromancy
 + Level 3.0 Translocations
 + Level 3.0 Transmutations
 + Level 3.0 Fire Magic
 + Level 3.0 Ice Magic
 + Level 3.0 Air Magic
 + Level 3.0 Earth Magic
 + Level 3.0 Poison Magic
 + Level 4.0 Invocations
 + Level 4.5 Evocations


You had 9 spell levels left.
You knew the following spells:

 Your Spells              Type           Power        Failure   Level  Hunger
a - Magic Dart            Conj           ###.         3%          1    None
b - Shock                 Conj/Air       ###.         3%          1    None
c - Mephitic Cloud        Conj/Pois/Air  ###.....     10%         3    #......
j - Conjure Flame         Conj/Fire      ###.....     10%         3    #......
k - Call Canine Familiar  Summ           ###.....     4%          3    #......
p - Static Discharge      Conj/Air       ###.....     10%         3    #......

Your spell library contained the following spells:

 Spells                   Type           Power        Failure   Level  Hunger
 Summon Small Mammal      Summ           ###.         1%          1    None
 Call Imp                 Summ           ###.....     2%          2    None
 Blink                    Tloc           N/A          4%          2    None
 Slow                     Hex            ###.....     4%          2    None


Dungeon Overview and Level Annotations

Branches:
Dungeon (7/15)             Temple (1/1) D:5           Sewer (visited)

Altars:
Ashenzari
Cheibriados
Dithmenos
Elyvilon
Fedhas
Gozag
Hepliaklqana
Okawaru
Qazlal
Ru
Sif Muna
Trog
Uskayaw
Vehumet
Wu Jian
Xom
Yredelemnul
Zin
The Shining One

Shops:
D:5 (?   D:6 [

Annotations:
D:2 Jessica


Innate Abilities, Weirdness & Mutations

Your experience applies equally to all skills.
You have very sharp teeth.
Your uncanny sense of smell can sniff out nearby items.
Scrolls take you a little longer to read.
You are resistant to electric shocks. (rElec)


Message History

Found 16 gold pieces.
A wyvern skeleton comes into view.
All of the chunks of flesh in your inventory have rotted away.
Found a scroll of identify and a ration.
The wyvern skeleton bites you!
Found a stone staircase leading up.
You slash the worker ant! You freeze the worker ant.
The worker ant is almost dead.
You slash the wyvern skeleton! The wyvern skeleton bites you!
* * * LOW HITPOINT WARNING * * *
The worker ant bites you.
* * * LOW HITPOINT WARNING * * *
The wyvern skeleton completely misses you.
You slash the worker ant! You freeze the worker ant.
You kill the worker ant!
Okawaru accepts your kill.
You hit the wyvern skeleton. The wyvern skeleton misses you.
Unknown command.
The wyvern skeleton bites you!
You die...

## .< ##. ## ######..
... ######......#....
% ................
..###.........#....
..........@......#
..........Z...####
##.......>.?#
..####..........# .
................#
....###.....$.......
.....##..............
.....................
.....................


You could see a wyvern skeleton.

Vanquished Creatures
  A water moccasin (D:6)
  Purgy (Sewer)
  An orc warrior (D:6)
  An ice beast (D:6)
  A phantom (D:6)
  A centaur (D:5)
  A wyvern zombie (D:6)
  2 scorpions
  A crimson imp (D:6)
  A centaur zombie (D:6)
  2 orc priests (D:6)
  An orc wizard (D:6)
  4 hounds
  2 jellies
  A bullfrog skeleton (D:6)
  An iguana (D:6)
  5 worker ants
  A hound zombie (D:5)
  A hound skeleton (D:6)
  4 gnolls
  6 adders
  2 river rats (D:5)
  2 shadow imps (D:5)
  An ooze (D:4)
  4 worms
  A dart slug (D:1)
  10 leopard geckos
  9 orcs
  4 ball pythons
  A giant cockroach (D:4)
  4 goblins
  5 hobgoblins
  14 jackals
  A quokka (D:3)
  7 bats
  6 frilled lizards
  2 jackal skeletons
  3 kobolds
  A leopard gecko skeleton (D:6)
  12 rats
  A plant (D:6)
129 creatures vanquished.

Vanquished Creatures (collateral kills)
  Eustachio (D:5)
  An ogre (D:4)
  An iguana (D:4)
  A worker ant (D:6)
  An adder (D:2)
  A leopard gecko (D:6)
  2 jackals (D:1)
  2 frilled lizards (Sewer)
10 creatures vanquished.

Grand Total: 139 creatures vanquished

Notes
Turn   | Place    | Note
-------+----------+-------------------------------------------
     0 | D:1      | FishyPogo the Gnoll Wanderer began the quest for the Orb.
     0 | D:1      | FishyPogo set off with the following items: a +0 club, a +0
                  | robe, a ration; and the following spells available to
                  | memorise: Summon Small Mammal, Call Imp, Call Canine
                  | Familiar, Magic Dart, Shock, Blink, Slow, Conjure Flame,
                  | Mephitic Cloud, Static Discharge
     0 | D:1      | Reached XP level 1. HP: 17/17 MP: 8/8
     2 | D:1      | Learned a level 1 spell: Shock
   149 | D:1      | Reached XP level 2. HP: 23/23 MP: 5/10
   376 | D:1      | Reached XP level 3. HP: 27/28 MP: 11/11
   381 | D:1      | Learned a level 3 spell: Call Canine Familiar
   385 | D:1      | Learned a level 3 spell: Mephitic Cloud
   389 | D:1      | Learned a level 3 spell: Conjure Flame
   495 | D:2      | Noticed Jessica
   629 | D:2      | Found a stormy altar of Qazlal.
   758 | D:2      | Reached skill level 1 in Invocations
   963 | D:3      | Reached skill level 1 in Long Blades
   963 | D:3      | Reached skill level 1 in Axes
   963 | D:3      | Reached skill level 1 in Maces & Flails
   963 | D:3      | Reached skill level 1 in Polearms
   963 | D:3      | Reached skill level 1 in Staves
   963 | D:3      | Reached skill level 1 in Slings
   963 | D:3      | Reached skill level 1 in Bows
   963 | D:3      | Reached skill level 1 in Crossbows
   963 | D:3      | Reached skill level 1 in Throwing
   963 | D:3      | Reached skill level 1 in Armour
   963 | D:3      | Reached skill level 1 in Dodging
   963 | D:3      | Reached skill level 1 in Shields
   963 | D:3      | Reached skill level 1 in Unarmed Combat
  1007 | D:3      | Reached XP level 4. HP: 30/34 MP: 4/13
  1270 | D:3      | Found a blossoming altar of Fedhas.
  1592 | D:3      | Reached skill level 1 in Conjurations
  1592 | D:3      | Reached skill level 1 in Hexes
  1592 | D:3      | Reached skill level 1 in Charms
  1592 | D:3      | Reached skill level 1 in Necromancy
  1592 | D:3      | Reached skill level 1 in Translocations
  1592 | D:3      | Reached skill level 1 in Transmutations
  1592 | D:3      | Reached skill level 1 in Fire Magic
  1592 | D:3      | Reached skill level 1 in Ice Magic
  1592 | D:3      | Reached skill level 1 in Air Magic
  1592 | D:3      | Reached skill level 1 in Earth Magic
  1592 | D:3      | Reached skill level 1 in Poison Magic
  1738 | D:4      | Reached XP level 5. HP: 34/40 MP: 10/14
  1748 | D:4      | Found a hide-covered altar of Uskayaw.
  1757 | D:4      | Got a dazzling war axe
  1758 | D:4      | Identified the +7 war axe "Egueciaf" {freeze, *Noise rN++
                  | MR+ Str+4} (You found it on level 4 of the Dungeon)
  1939 | D:4      | Reached XP level 6. HP: 26/47 MP: 0/16
  2077 | D:4      | Reached skill level 5 in Short Blades
  2720 | D:5      | Entered Level 5 of the Dungeon
  2777 | D:5      | Found a shadowy altar of Dithmenos.
  2800 | D:5      | Found a staircase to the Ecumenical Temple.
  2800 | D:5      | Noticed Eustachio
  2818 | D:5      | Killed Eustachio
  2818 | D:5      | Reached XP level 7. HP: 33/52 MP: 15/18
  2827 | Temple   | Entered the Ecumenical Temple
  3057 | Temple   | Became a worshipper of Warmaster Okawaru
  3241 | D:5      | Found a glowing drain.
  3245 | Sewer    | Entered a sewer
  3284 | Sewer    | Noticed Purgy
  3294 | Sewer    | Gained mutation: Scrolls take you a little longer to read.
                  | [potion of mutation]
  3294 | Sewer    | Gained mutation: You are robust. (+10% HP) [potion of
                  | mutation]
  3294 | Sewer    | Lost mutation: You are robust. (+10% HP) [potion of
                  | mutation]
  3294 | Sewer    | Gained mutation: You are resistant to electric shocks.
                  | (rElec) [potion of mutation]
  3298 | Sewer    | Killed Purgy
  3365 | Sewer    | Learned a level 3 spell: Static Discharge
  3603 | D:5      | Found Iriwaug's Weapon Shop.
  3921 | D:5      | Learned a level 1 spell: Magic Dart
  3983 | D:5      | Found Xunekaar's Magic Scroll Boutique.
  4164 | D:6      | Reached XP level 8. HP: 42/60 MP: 13/19
  4170 | D:6      | Reached * piety under Okawaru
  4414 | D:6      | Found a basalt altar of Yredelemnul.
  4629 | D:6      | Found Muoxyade's Antique Armour Shop.
  4637 | D:6      | Bought a heavily jewelled robe for 165 gold pieces
  4675 | D:6      | Reached skill level 8 in Spellcasting
  4790 | D:6      | Identified the +1 robe "Lamay" {+Inv rElec Str+7} (You
                  | bought it in a shop on level 6 of the Dungeon)
  4920 | D:6      | Found a shimmering blue altar of Sif Muna.
  5139 | D:7      | Noticed a hippogriff
  5147 | D:7      | HP: 1/61 [gnoll (6)]
  5157 | D:7      | Slain by a wyvern skeleton

Levels and vault maps discovered:
D:1:      dpeg_arrival_round_b, layout_basic
D:2:      layout_loops_cross, nicolae_qazlal_general_emergency,
          uniq_crazy_yiuf_cottage, uniq_jessica
D:3:      layout_basic, first_ration, fedhas_altar_1
D:4:      layout_basic, eat_drink_and_be_merry_uskayaw
D:5:      kennysheep_big_flooded_room, layout_loops_cross,
          minmay_temple_entry_antechambers, gup_sewer_entry_spiral,
          serial_shops, kennysheep_mini_moat, shop, grunt_dithmenos_smoke,
          uniq_eustachio
D:6:      layout_basic, tgw_sif, lemuel_round_altar, serial_shops,
          nicolae_shop_overgrown_old_shop, chequers_serial_rivers_micro_a
D:7:      layout_rooms
Temple:   regret_index_temple_generic_petals

Skill      XL: |  1  2  3  4  5  6  7  8 |
---------------+-------------------------+-----
Invocations    | 1 2 3 4 |  4.0
Long Blades    | 1 2 3 |  3.6
Axes           | 1 2 3 |  3.6
Maces & Flails | 1 2 3 |  3.6
Polearms       | 1 2 3 |  3.6
Staves         | 1 2 3 |  3.6
Slings         | 1 2 3 |  3.6
Bows           | 1 2 3 |  3.6
Crossbows      | 1 2 3 |  3.6
Throwing       | 1 2 3 |  3.6
Armour         | 1 2 3 |  3.6
Dodging        | 1 2 3 |  3.6
Shields        | 1 2 3 |  3.6
Unarmed Combat | 1 2 3 |  3.6
Conjurations   | 1 2 3 |  3.0
Hexes          | 1 2 3 |  3.0
Charms         | 1 2 3 |  3.0
Necromancy     | 1 2 3 |  3.0
Translocations | 1 2 3 |  3.0
Transmutations | 1 2 3 |  3.0
Fire Magic     | 1 2 3 |  3.0
Ice Magic      | 1 2 3 |  3.0
Air Magic      | 1 2 3 |  3.0
Earth Magic    | 1 2 3 |  3.0
Poison Magic   | 1 2 3 |  3.0
Fighting       | 3 4 |  4.5
Summonings     | 4 |  4.9
Evocations     | 3 4 |  4.5
Stealth        | 3 4 |  4.4
Short Blades   | 5 |  5.9
Spellcasting   | 8 |  8.1

Action                   |  1- 3 |  4- 6 |  7- 9 || total
-------------------------+-------+-------+-------++-------
Melee: Club              |     3 |       |       ||     3
       Dagger            |    39 |    27 |       ||    66
       Bite              |     3 |     5 |    16 ||    24
       War axe           |       |    35 |   118 ||   153
       Unarmed           |       |       |     1 ||     1
       Punch             |       |       |     1 ||     1
Throw: Stone             |       |     2 |     6 ||     8
 Cast: Shock             |    38 |    45 |    16 ||    99
       Call Canine Famil |     3 |    10 |     3 ||    16
       Conjure Flame     |     1 |       |       ||     1
       Mephitic Cloud    |       |     4 |     3 ||     7
       Magic Dart        |       |       |    29 ||    29
  Use: Scroll            |       |     6 |     3 ||     9
       Potion            |       |     1 |     4 ||     5
 Stab: Sleeping          |     4 |     3 |       ||     7
       Distracted        |       |       |     1 ||     1
  Eat: Chunk             |       |     7 |     8 ||    15
Armor: Robe              |    10 |    11 |    14 ||    35
       Troll leather arm |       |       |    16 ||    16
       Skin              |       |       |     4 ||     4
       Leather armour    |       |       |     5 ||     5
Dodge: Dodged            |    25 |    42 |    92 ||   159
Block: Other             |       |       |    35 ||    35
       Reflection        |       |       |     2 ||     2
